 Dungeon Crawl Stone Soup version 0.26-a0-1147-g3780a7a11b (webtiles) character file.

Game seed: 11532448934688604523

367 gruber the Firebug (level 6, -7/41 HPs)
             Began as a Demonspawn Fire Elementalist on Dec 22, 2020.
             Mangled by an orc warrior
             ... wielding a +0 glaive
              (25 damage)
             ... on level 7 of the Dungeon.
             The game lasted 00:07:32 (5468 turns).

gruber the Firebug (Demonspawn Fire Elementalist)   Turns: 5468, Time: 00:07:32

Health: -7/41      AC:  5    Str:  8    XL:     6   Next: 41%
Magic:  0/9        EV: 12    Int: 18    God:
Gold:   211        SH:  0    Dex: 14    Spells: 4/9 levels left

rFire    . . .     SeeInvis .   t - +0 mace
rCold    + . .     Faith    .   (no shield)
rNeg     . . .     Spirit   +   a - +0 robe
rPois    .         Reflect  .   (no helmet)
rElec    .         Harm     .   (no cloak)
rCorr    .         Rampage  .   n - +2 pair of gloves
Will     .....                  (no boots)
Stlth    ++........             (no amulet)
HPRegen  0.13/turn              j - ring of protection from cold
MPRegen  0.22/turn              (no ring)

@: no status effects
A: powered by death 1, magic shield, magic regeneration
a: no special abilities


You were on level 7 of the Dungeon.
You visited 1 branch of the dungeon, and saw 7 of its levels.

You collected 211 gold pieces.

Inventory:

Hand Weapons
 t - a +0 mace (weapon)
Missiles
 r - 7 silver javelins
 s - 5 javelins (quivered)
Armour
 a - a +0 robe (worn)
 n - a +2 pair of gloves (worn)
Jewellery
 j - a ring of protection from cold (left hand)
Scrolls
 b - 5 scrolls of teleportation
 c - 2 scrolls of enchant weapon {unknown}
 d - a scroll of blinking {unknown}
 e - a scroll of random uselessness {unknown}
 f - 2 scrolls of identify
 i - 2 scrolls of remove curse {unknown}
 l - a scroll of fog {unknown}
 m - a scroll of enchant armour {unknown}
 o - a scroll of fear {unknown}
 p - 3 scrolls of magic mapping {unknown}
Potions
 g - 2 potions of lignification {unknown}
 h - a potion of ambrosia {unknown}
 k - 2 potions of haste {unknown}
 q - a potion of cancellation {unknown}


   Skills:
 - Level 1.7 Dodging
 - Level 1.7 Stealth
 - Level 2.0 Spellcasting
 + Level 4.2 Conjurations
 + Level 5.3 Fire Magic


You had 4 spell levels left.
You knew the following spells:

 Your Spells              Type           Power        Failure   Level
a - Foxfire               Conj/Fire      76%          2%          1
b - Sticky Flame          Conj/Fire      19%          26%         4

Your spell library contained the following spells:

 Spells                   Type           Power        Failure   Level
 Conjure Flame            Conj/Fire      19%          8%          3
 Inner Flame              Hex/Fire       11%          19%         3
 Fireball                 Conj/Fire      9%           56%         5


Dungeon Overview and Level Annotations

Branches:
Dungeon (7/15)
 Temple: D:4-7

Altars:


Innate Abilities, Weirdness & Mutations

You regenerate a little health from kills.
When hurt, damage is shared between your health and your magic reserves.
You regenerate magic rapidly.


Message History

Casting: Foxfire (safe; 2% risk of failure)
Confirm with . or Enter, or press ? or * to list all spells.
You conjure some foxfire!
The foxfire hits the orc warrior but does no damage.
The orc warrior is moderately wounded.
The foxfire hits the orc warrior but does no damage.
The orc warrior is moderately wounded.
The orc warrior closely misses you.
Unknown command.
Unknown command.
Unknown command.
Casting: Foxfire (safe; 2% risk of failure)
Confirm with . or Enter, or press ? or * to list all spells.
You conjure some foxfire!
The foxfire hits the orc.
The orc is almost dead.
The foxfire hits the orc warrior but does no damage.
The orc warrior is moderately wounded.
The orc warrior hits you from afar with a +0 glaive!!
Ouch! That really hurt!
You die...

.#
#....#..#.)<..#....#######..
.# #....##'#.....###### ###
...Y.#####.....##### .....#
#.....# .....+ #.....#
.....# #.....##### .....#
#.......(.# #+####
....####v.v.# .... #ยง@..#
... #.o..# .. ###.o..#
#####......# #...#......#
#...#......# ## #...#......#
..# #...#......# ..#
#.###......###### ...#


You could see an orc warrior and an orc.

Vanquished Creatures
  An ogre (D:7)
  A centaur (D:7)
  An orc priest (D:7)
  An orc wizard (D:3)
  5 adders
  An ooze (D:2)
  An adder skeleton (D:4)
  A worm (D:3)
  4 dart slugs
  2 leopard geckos (D:2)
  9 orcs
  9 bats
  3 giant cockroaches
  12 goblins
  7 hobgoblins
  3 jackals (D:4)
  7 kobolds
  A quokka (D:6)
  A ball python (D:5)
  6 frilled lizards
  A leopard gecko skeleton (D:2)
  5 rats
82 creatures vanquished.

Vanquished Creatures (others)
  369 foxfires
369 creatures vanquished.

Grand Total: 451 creatures vanquished

Notes
Turn   | Place    | Note
-------+----------+-------------------------------------------
     0 | D:1      | gruber the Demonspawn Fire Elementalist began the quest for
                  | the Orb.
     0 | D:1      | Reached XP level 1. HP: 13/13 MP: 3/3
   153 | D:1      | Reached skill level 3 in Fire Magic
   206 | D:1      | Gained mutation: When hurt, damage is shared between your
                  | health and your magic reserves. [demonic ancestry]
   206 | D:1      | Reached XP level 2. HP: 19/19 MP: 0/5
  1111 | D:1      | Gained mutation: You regenerate a little health from kills.
                  | [demonic ancestry]
  1111 | D:1      | Reached XP level 3. HP: 21/24 MP: 4/6
  1597 | D:2      | Reached skill level 4 in Fire Magic
  1724 | D:2      | Reached XP level 4. HP: 30/30 MP: 4/7
  2019 | D:2      | Learned a level 4 spell: Sticky Flame
  2913 | D:3      | Reached XP level 5. HP: 30/35 MP: 0/8
  4561 | D:5      | Entered Level 5 of the Dungeon
  4561 | D:5      | Noticed an ogre
  4687 | D:5      | You fall into a shaft and drop 1 floor!
  4688 | D:6      | Noticed an orc warrior
  4699 | D:6      | Noticed a sky beast
  4767 | D:7      | Noticed a centaur
  4783 | D:7      | Killed a centaur
  4784 | D:7      | Reached skill level 5 in Fire Magic
  4900 | D:7      | Gained mutation: You regenerate magic rapidly. [demonic
                  | ancestry]
  4900 | D:7      | Reached XP level 6. HP: 10/41 MP: 0/9
  5253 | D:7      | Noticed a sky beast
  5440 | D:7      | Noticed an orc warrior
  5468 | D:7      | Mangled by an orc warrior

Illustrated notes

Levels and vault maps discovered:
D:1:      dpeg_arrival_yet_another_circle, layout_rooms
D:2:      minmay_spotlight, layout_loops_ring
D:3:      layout_loops_ring
D:4:      layout_loops_cross
D:5:      minmay_evil_eye, layout_loops_ring, serial_shops, shop
D:6:      corexii_shantytown, layout_rooms, minmay_temple_entry_tees,
          minmay_shop_enchanted_jewellery
D:7:      layout_gridville, ebering_ghost_rock_garden

Skill      XL: |  1  2  3  4  5  6 |
---------------+-------------------+-----
Fire Magic     | 3 4 5 |  5.3
Conjurations   | 2 3 4 |  4.2
Dodging        | |  1.7
Stealth        | |  1.7
Spellcasting   | |  2.0

Action                   |  1- 3 |  4- 6 || total
-------------------------+-------+-------++-------
Melee: Unarmed           |     4 |     8 ||    12
       Mace              |       |     2 ||     2
 Cast: Foxfire           |    88 |   137 ||   225
       Sticky Flame      |       |     1 ||     1
  Use: Scroll            |       |     2 ||     2
 Stab: Sleeping          |       |     1 ||     1
Armor: Robe              |     8 |     7 ||    15
Dodge: Dodged            |    27 |    32 ||    59

Table legend: (Time is in decaauts)
 A = Elapsed time spent in this place.
 B = Non-inter-level travel time spent in this place.
 C = Inter-level travel time spent in this place.
 D = Time resting spent in this place.
 E = Time spent auto-exploring this place.
 F = Levels seen in this place.
 G = Mean time per level.
                   A        B        C        D        E       F      G
               +--------+--------+--------+--------+--------+-----+--------+
         Total |   5469 |   5120 |    349 |     29 |   4411 |   7 |  781.3 |
       Dungeon |   5469 |   5120 |    349 |     29 |   4411 |   7 |  781.3 |
               +--------+--------+--------+--------+--------+-----+--------+

Top non-repeatable levels by time:
     D:2: 1291 daAuts
     D:1: 1214 daAuts
     D:3: 1213 daAuts
     D:4: 885 daAuts
     D:7: 759 daAuts
     D:5: 82 daAuts
     D:6: 22 daAuts
